Workbook

Sheet 2020
A1: Assurance-vieillesse et survivants (AVS) : Finances de l’AVS | K1: T 13.04.01.01
A2: Aux prix courants, en millions de francs
B5: 2020
A8: Total des recettes | B8: 47917.681
A9: Cotisations assurés/employeurs | B9: 34138.673
A10: Contributions pouvoirs publics | B10: 12414.597
A11: dont fédérales | B11: 9287.3386
A12: dont TVA et impôts sur jeux | B12: 3127.2585
A13: Produit du capital 1) | B13: 1361.9694
A14: Autres recettes | B14: 2.4408999
A16: Total des dépenses | B16: 45976.924
A17: Prestations sociales | B17: 45757.523
A18: Frais d'administration et de gestion | B18: 219.40078
A19: Autres dépenses | B19: –
A21: Résultat d'exploitation | B21: 1940.7567
A22: Résultat des placements | B22: 1361.9694
A23: produits courants du capital | B23: 532.50226
A24: variations de valeur du capital | B24: 829.46712
A25: Résultat de répartition (solde sans résultat des placements) | B25: 578.78735
A27: Variation du capital 2) | B27: 1940.7567
A29: Capital | B29: 47158.005
A30: Contributions pouvoirs publics en % des dépenses | B30: 0.270018
A32: 1) Produits courants du capital (y compris les l'intérêts de l'AI) et les variations de valeur du capital.
A33: 2) 1.1.2011 :transfert de 5 milliards de francs à l’AI ; 2007 : transfert de 7’038 millions de francs, comme part provenant de la vente de l'or de la BNS versée à la Confédération.
A35: Office fédéral des assurances sociales, Statistique des assurances sociales suisses 2021, tableau AVS 4
A36: Renseignements par téléphone 058 465 03 39 ou par courriel à salome.schuepbach@bsv.admin.ch
A37: © OFS - Encyclopédie statistique de la Suisse

Sheet 2010-2019
A1: Assurance-vieillesse et survivants (AVS) : Finances de l’AVS | K1: T 13.04.01.01
A2: Aux prix courants, en millions de francs
B5: 2010 | C5: 2011 | D5: 2012 | E5: 2013 | F5: 2014 | G5: 2015 | H5: 2016 | I5: 2017 | J5: 2018 | K5: 2019
A8: Total des recettes | B8: 38494.86 | C8: 39040.767 | D8: 40824.018 | E8: 40883.529 | F8: 42573.516 | G8: 41176.576 | H8: 42968.628 | I8: 44378.843 | J8: 41835.159 | K8: 46936.61
A9: Cotisations assurés/employeurs | B9: 27461.455 | C9: 28306.021 | D9: 28874.979 | E9: 29539.049 | F9: 29942.038 | G9: 30414.743 | H9: 30862.218 | I9: 31142.84 | J9: 31717.673 | K9: 32508.101
A10: Contributions pouvoirs publics | B10: 9775.7685 | C10: 10063.729 | D10: 10176.769 | E10: 10441.152 | F10: 10598.026 | G10: 10736.782 | H10: 10895.568 | I10: 11105.211 | J10: 11294.943 | K10: 11570.599
A11: dont fédérales | B11: 7156.0931 | C11: 7439.3039 | D11: 7584.9455 | E11: 7815.2962 | F11: 7989.3675 | G11: 8159.1953 | H11: 8314.6544 | I11: 8463.5418 | J11: 8612.7471 | K11: 8847.192
A12: dont TVA et impôts sur jeux | B12: 2619.6753 | C12: 2624.4256 | D12: 2591.8235 | E12: 2625.8556 | F12: 2608.6587 | G12: 2577.5866 | H12: 2580.9131 | I12: 2641.6696 | J12: 2682.1962 | K12: 2723.4067
A13: Produit du capital 1) | B13: 1247.4482 | C13: 666.78606 | D13: 1765.8423 | E13: 894.03729 | F13: 2027.0176 | G13: 20.082405 | H13: 1204.9649 | I13: 2125.5858 | J13: -1181.1294 | K13: 2852.4142
A14: Autres recettes | B14: 10.18835 | C14: 4.2311195 | D14: 6.4273552 | E14: 9.2915199 | F14: 6.4346837 | G14: 4.9683363 | H14: 5.8780767 | I14: 5.2052749 | J14: 3.672636 | K14: 5.4963322
A16: Total des dépenses | B16: 36604.057 | C16: 38052.705 | D16: 38797.675 | E16: 39975.939 | F16: 40866.33 | G16: 41735.014 | H16: 42530.202 | I16: 43291.774 | J16: 44054.972 | K16: 45254.179
A17: Prestations sociales | B17: 36442.344 | C17: 37846.57 | D17: 38612.267 | E17: 39781.158 | F17: 40669.018 | G17: 41533.407 | H17: 42326.464 | I17: 43082.166 | J17: 43840.759 | K17: 45032.375
A18: Frais d'administration et de gestion | B18: 161.71294 | C18: 206.13576 | D18: 185.40878 | E18: 194.78104 | F18: 197.31221 | G18: 201.60709 | H18: 203.73718 | I18: 209.60804 | J18: 214.21386 | K18: 221.80404
A19: Autres dépenses | B19: – | C19: – | D19: – | E19: – | F19: – | G19: – | H19: – | I19: – | J19: – | K19: –
A21: Résultat d'exploitation | B21: 1890.8028 | C21: 988.06186 | D21: 2026.3429 | E21: 907.5898 | F21: 1707.1865 | G21: -558.43835 | H21: 438.42679 | I21: 1087.0687 | J21: -2219.813 | K21: 1682.4313
A22: Résultat des placements | B22: 1247.4482 | C22: 666.78606 | D22: 1765.8423 | E22: 894.03729 | F22: 2027.0176 | G22: 20.082405 | H22: 1204.9649 | I22: 2125.5858 | J22: -1181.1294 | K22: 2852.4142
A23: produits courants du capital | B23: 814.61965 | C23: 833.28758 | D23: 809.89024 | E23: 730.69255 | F23: 783.97685 | G23: 742.34519 | H23: 621.49004 | I23: 663.73468 | J23: 568.99563 | K23: 605.15009
A24: variations de valeur du capital | B24: 432.82855 | C24: -166.50153 | D24: 955.95207 | E24: 163.34474 | F24: 1243.0408 | G24: -722.26278 | H24: 583.47484 | I24: 1461.8511 | J24: -1750.1251 | K24: 2247.2641
A25: Résultat de répartition (solde sans résultat des placements) | B25: 643.35464 | C25: 321.2758 | D25: 260.50058 | E25: 13.552507 | F25: -319.83117 | G25: -578.52076 | H25: -766.53809 | I25: -1038.5171 | J25: -1038.6835 | K25: -1169.9829
A27: Variation du capital 2) | B27: 1890.8028 | C27: -4011.9381 | D27: 2026.3429 | E27: 907.5898 | F27: 1707.1865 | G27: -558.43835 | H27: 438.42679 | I27: 1087.0687 | J27: -2219.813 | K27: 1682.4313
A29: Capital | B29: 44158.392 | C29: 40146.454 | D29: 42172.796 | E29: 43080.386 | F29: 44787.573 | G29: 44229.134 | H29: 44667.561 | I29: 45754.63 | J29: 43534.817 | K29: 45217.248
A30: Contributions pouvoirs publics en % des dépenses | B30: 0.2670679 | C30: 0.26446817 | D30: 0.26230358 | E30: 0.2611859 | F30: 0.25933394 | G30: 0.25726077 | H30: 0.25618424 | I30: 0.25652013 | J30: 0.25638294 | K30: 0.25568022
A32: 1) Produits courants du capital (y compris les l'intérêts de l'AI) et les variations de valeur du capital.
A33: 2) 1.1.2011 :transfert de 5 milliards de francs à l’AI ; 2007 : transfert de 7’038 millions de francs, comme part provenant de la vente de l'or de la BNS versée à la Confédération.
A35: Office fédéral des assurances sociales, Statistique des assurances sociales suisses 2021, tableau AVS 4
A36: Renseignements par téléphone 058 465 03 39 ou par courriel à salome.schuepbach@bsv.admin.ch
A37: © OFS - Encyclopédie statistique de la Suisse

Sheet 2000-2009
A1: Assurance-vieillesse et survivants (AVS) : Finances de l’AVS | K1: T 13.04.01.01
A2: Aux prix courants, en millions de francs
B5: 2000 | C5: 2001 | D5: 2002 | E5: 2003 | F5: 2004 | G5: 2005 | H5: 2006 | I5: 2007 | J5: 2008 | K5: 2009
A8: Total des recettes | B8: 28791.909 | C8: 29619.6 | D8: 28903.267 | E8: 31957.902 | F8: 32387.041 | G8: 33711.798 | H8: 34389.775 | I8: 34801.349 | J8: 31591.974 | K8: 39703.561
A9: Cotisations assurés/employeurs | B9: 20481.854 | C9: 21600.619 | D9: 21958.082 | E9: 22437.108 | F9: 22799.485 | G9: 23270.562 | H9: 24072.3 | I9: 25273.547 | J9: 26459.152 | K9: 27304.823
A10: Contributions pouvoirs publics | B10: 7416.7901 | C10: 7749.5641 | D10: 7717.3544 | E10: 8050.7239 | F10: 8299.6487 | G10: 8595.7053 | H10: 8814.7515 | I10: 9230.4109 | J10: 9455.4738 | K10: 9558.8627
A11: dont fédérales | B11: 4535.3027 | C11: 4757.7039 | D11: 4759.8648 | E11: 4904.8894 | F11: 4977.2063 | G11: 5125.1222 | H11: 5183.2166 | I11: 5448.3449 | J11: 6623.1395 | K11: 6996.2867
A12: dont TVA et impôts sur jeux | B12: 1872.4102 | C12: 1933.3001 | D12: 1898.4487 | E12: 2054.5266 | F12: 2215.0445 | G12: 2330.2747 | H12: 2478.3009 | I12: 2569.8426 | J12: 2832.3343 | K12: 2562.576
A13: Produit du capital 1) | B13: 881.05056 | C13: 256.61047 | D13: -781.56948 | E13: 1459.6265 | F13: 1275.9346 | G13: 1836.3613 | H13: 1493.9496 | I13: 289.74717 | J13: -4331.3542 | K13: 2830.3762
A14: Autres recettes | B14: 12.214022 | C14: 12.807052 | D14: 9.3991805 | E14: 10.443666 | F14: 11.972663 | G14: 9.1695343 | H14: 8.7737862 | I14: 7.6440947 | J14: 8.702687 | K14: 9.499596
A16: Total des dépenses | B16: 27721.899 | C16: 29081.32 | D16: 29094.528 | E16: 29980.986 | F16: 30423.021 | G16: 31327.153 | H16: 31682.253 | I16: 33302.841 | J16: 33877.951 | K16: 35786.633
A17: Prestations sociales | B17: 27627.433 | C17: 28980.134 | D17: 29000.638 | E17: 29865.502 | F17: 30271.708 | G17: 31178.422 | H17: 31541.163 | I17: 33151.844 | J17: 33747.173 | K17: 35638.252
A18: Frais d'administration et de gestion | B18: 94.466735 | C18: 101.18575 | D18: 93.890461 | E18: 115.48428 | F18: 151.31266 | G18: 148.7308 | H18: 141.08988 | I18: 150.99707 | J18: 130.77892 | K18: 148.38103
A19: Autres dépenses | B19: – | C19: – | D19: – | E19: – | F19: – | G19: – | H19: – | I19: – | J19: – | K19: –
A21: Résultat d'exploitation | B21: 1070.0096 | C21: 538.28086 | D21: -191.2616 | E21: 1976.9159 | F21: 1964.0195 | G21: 2384.6449 | H21: 2707.5223 | I21: 1498.5077 | J21: -2285.9775 | K21: 3916.9287
A22: Résultat des placements | B22: 881.05056 | C22: 256.61047 | D22: -781.56948 | E22: 1459.6265 | F22: 1275.9346 | G22: 1836.3613 | H22: 1493.9496 | I22: 289.74717 | J22: -4331.3542 | K22: 2830.3762
A23: produits courants du capital | B23: 817.70193 | C23: 758.83142 | D23: 619.77517 | E23: 548.82989 | F23: 574.96108 | G23: 605.14174 | H23: 723.62212 | I23: 919.68982 | J23: 1042.5972 | K23: 818.64507
A24: variations de valeur du capital | B24: 63.348632 | C24: -502.22095 | D24: -1401.3447 | E24: 910.79665 | F24: 700.97348 | G24: 1231.2195 | H24: 770.3275 | I24: -629.94265 | J24: -5373.9514 | K24: 2011.7312
A25: Résultat de répartition (solde sans résultat des placements) | B25: 188.95899 | C25: 281.67039 | D25: 590.30788 | E25: 517.28938 | F25: 688.08497 | G25: 548.2836 | H25: 1213.5727 | I25: 1208.7605 | J25: 2045.3767 | K25: 1086.5525
A27: Variation du capital 2) | B27: 1070.0096 | C27: 538.28086 | D27: -191.2616 | E27: 1976.9159 | F27: 1964.0195 | G27: 2384.6449 | H27: 2707.5223 | I27: 8536.241 | J27: -2285.9775 | K27: 3916.9287
A29: Capital | B29: 22720.275 | C29: 23258.556 | D29: 23067.294 | E29: 25044.21 | F29: 27008.229 | G29: 29392.874 | H29: 32100.397 | I29: 40636.638 | J29: 38350.66 | K29: 42267.589
A30: Contributions pouvoirs publics en % des dépenses | B30: 0.26754264 | C30: 0.26647911 | D30: 0.26525106 | E30: 0.26852765 | F30: 0.27280817 | G30: 0.27438514 | H30: 0.27822363 | I30: 0.27716587 | J30: 0.27910406 | K30: 0.26710707
A32: 1) Produits courants du capital (y compris les l'intérêts de l'AI) et les variations de valeur du capital.
A33: 2) 1.1.2011 :transfert de 5 milliards de francs à l’AI ; 2007 : transfert de 7’038 millions de francs, comme part provenant de la vente de l'or de la BNS versée à la Confédération.
A35: ='2010-2019'!A35 -> Office fédéral des assurances sociales, Statistique des assurances sociales suisses 2021, tableau AVS 4
A36: ='2010-2019'!A36 -> Renseignements par téléphone 058 465 03 39 ou par courriel à salome.schuepbach@bsv.admin.ch
A37: ='2010-2019'!A37 -> © OFS - Encyclopédie statistique de la Suisse

Sheet 1990-1999
A1: Assurance-vieillesse et survivants (AVS) : Finances de l’AVS | K1: ='2000-2009'!K1 -> T 13.04.01.01
A2: Aux prix courants, en millions de francs
B5: 1990 | C5: 1991 | D5: 1992 | E5: 1993 | F5: 1994 | G5: 1995 | H5: 1996 | I5: 1997 | J5: 1998 | K5: 1999
A8: Total des recettes | B8: 20354.899 | C8: 22033.528 | D8: 23159.702 | E8: 23856.374 | F8: 23923.407 | G8: 24511.653 | H8: 24788.181 | I8: 25219.126 | J8: 25321.346 | K8: 27207.234
A9: Cotisations assurés/employeurs | B9: 16029.291 | C9: 17302.047 | D9: 18004.722 | E9: 18322.074 | F9: 18306.906 | G9: 18645.968 | H9: 18746.324 | I9: 18588.85 | J9: 19002.291 | K9: 19576.074
A10: Contributions pouvoirs publics | B10: 3665.533 | C10: 3937.6351 | D10: 4241.21 | E10: 4522.8926 | F10: 4584.9122 | G10: 4808.6792 | H10: 4963.3525 | I10: 5160.5049 | J10: 5342.9802 | K10: 6727.4017
A11: dont fédérales | B11: 3115.7031 | C11: 3346.9899 | D11: 3605.0285 | E11: 3831.495 | F11: 3884.0339 | G11: 4073.5945 | H11: 4218.8497 | I11: 4386.4292 | J11: 4541.5332 | K11: 4480.5086
A12: dont TVA et impôts sur jeux | B12: – | C12: – | D12: – | E12: – | F12: – | G12: – | H12: – | I12: – | J12: – | K12: 1250.0074
A13: Produit du capital 1) | B13: 652.41839 | C13: 784.1822 | D13: 905.22752 | E13: 998.73424 | F13: 1019.2954 | G13: 1046.1417 | H13: 1066.155 | I13: 1457.9422 | J13: 963.84599 | K13: 891.76728
A14: Autres recettes | B14: 7.657237 | C14: 9.664363 | D14: 8.542551 | E14: 12.672722 | F14: 12.293397 | G14: 10.863499 | H14: 12.349921 | I14: 11.829014 | J14: 12.228694 | K14: 11.991121
A16: Total des dépenses | B16: 18327.665 | C16: 19688.176 | D16: 21206.05 | E16: 23046.587 | F16: 23362.61 | G16: 24502.824 | H16: 24816.763 | I16: 25802.524 | J16: 26714.906 | K16: 27386.967
A17: Prestations sociales | B17: 18269.392 | C17: 19628.658 | D17: 21118.764 | E17: 22962.415 | F17: 23280.502 | G17: 24415.645 | H17: 24735.769 | I17: 25720.543 | J17: 26616.528 | K17: 27293.965
A18: Frais d'administration et de gestion | B18: 58.273426 | C18: 59.517418 | D18: 87.285894 | E18: 84.171786 | F18: 82.107588 | G18: 87.179167 | H18: 80.993152 | I18: 81.98167 | J18: 98.377288 | K18: 93.001445
A19: Autres dépenses | B19: – | C19: – | D19: – | E19: – | F19: – | G19: – | H19: – | I19: – | J19: – | K19: –
A21: Résultat d'exploitation | B21: 2027.2343 | C21: 2345.3528 | D21: 1953.6521 | E21: 809.78744 | F21: 560.79689 | G21: 8.828419 | H21: -28.581241 | I21: -583.39857 | J21: -1393.5599 | K21: -179.73329
A22: Résultat des placements | B22: 652.41839 | C22: 784.1822 | D22: 905.22752 | E22: 998.73424 | F22: 1019.2954 | G22: 1046.1417 | H22: 1066.155 | I22: 1457.9422 | J22: 963.84599 | K22: 891.76728
A23: Produits courants du capital | B23: 648.17462 | C23: 779.07692 | D23: 928.40205 | E23: 1029.7123 | F23: 1059.2234 | G23: 1075.2028 | H23: 1050.4132 | I23: 1453.1509 | J23: 958.46036 | K23: 833.72332
A24: Variations de valeur du capital | B24: 4.2437644 | C24: 5.1052797 | D24: -23.174536 | E24: -30.978072 | F24: -39.92798 | G24: -29.0611 | H24: 15.741752 | I24: 4.7912515 | J24: 5.3856346 | K24: 58.04396
A25: Résultat de répartition (solde sans résultat des placements) | B25: 1374.8159 | C25: 1561.1706 | D25: 1048.4246 | E25: -188.9468 | F25: -458.4985 | G25: -1037.3133 | H25: -1094.7362 | I25: -2041.3408 | J25: -2357.4059 | K25: -1071.5006
A27: Variation du capital | B27: 2027.2343 | C27: 2345.3528 | D27: 1953.6521 | E27: 809.78744 | F27: 560.79689 | G27: 8.8284193 | H27: -28.581241 | I27: -583.39857 | J27: -1393.5599 | K27: -179.73329
A29: Capital | B29: 18157.121 | C29: 20502.473 | D29: 22456.125 | E29: 23265.913 | F29: 23826.71 | G29: 23835.538 | H29: 23806.957 | I29: 23223.558 | J29: 21829.998 | K29: 21650.265
A30: Contributions pouvoirs publics en % des dépenses | B30: 0.2 | C30: 0.2 | D30: 0.2 | E30: 0.19625 | F30: 0.19625 | G30: 0.19625 | H30: 0.2 | I30: 0.2 | J30: 0.19999997 | K30: 0.24564245
A32: 1) Produits courants du capital (y compris les l'intérêts de l'AI) et les variations de valeur du capital.
A35: ='2010-2019'!A35 -> Office fédéral des assurances sociales, Statistique des assurances sociales suisses 2021, tableau AVS 4
A36: ='2010-2019'!A36 -> Renseignements par téléphone 058 465 03 39 ou par courriel à salome.schuepbach@bsv.admin.ch
A37: ='2010-2019'!A37 -> © OFS - Encyclopédie statistique de la Suisse

Sheet 1980-1989
A1: Assurance-vieillesse et survivants (AVS) : Finances de l’AVS | K1: ='2000-2009'!K1 -> T 13.04.01.01
A2: Aux prix courants, en millions de francs
B5: 1980 | C5: 1981 | D5: 1982 | E5: 1983 | F5: 1984 | G5: 1985 | H5: 1986 | I5: 1987 | J5: 1988 | K5: 1989
A8: Total des recettes | B8: 10895.454 | C8: 11640.458 | D8: 12947.665 | E8: 13469.211 | F8: 14258.616 | G8: 14745.981 | H8: 15801.013 | I8: 16513.093 | J8: 17562.492 | K8: 18675.596
A9: Cotisations assurés/employeurs | B9: 8629.4124 | C9: 9308.2416 | D9: 10063.84 | E9: 10514.64 | F9: 10978.148 | G9: 11388.271 | H9: 12266.58 | I9: 12887.623 | J9: 13756.93 | K9: 14720.998
A10: Contributions pouvoirs publics | B10: 1930.6001 | C10: 1961.0859 | D10: 2476.9937 | E10: 2515.7803 | F10: 2835.3884 | G10: 2892.7886 | H10: 3074.8131 | I10: 3141.9642 | J10: 3326.2151 | K10: 3392.1979
A11: dont fédérales | B11: 1394.3223 | C11: 1416.3398 | D11: 1857.7453 | E11: 1886.8352 | F11: 2126.5413 | G11: 2169.5915 | H11: 2382.9802 | I11: 2513.5714 | J11: 2660.9721 | K11: 2713.7583
A12: dont TVA et impôts sur jeux | B12: – | C12: – | D12: – | E12: – | F12: – | G12: – | H12: – | I12: – | J12: – | K12: –
A13: Produit du capital 1) | B13: 333.81247 | C13: 366.41719 | D13: 399.17352 | E13: 427.25155 | F13: 438.55535 | G13: 454.94458 | H13: 450.51628 | I13: 470.67658 | J13: 467.29337 | K13: 550.15347
A14: Autres recettes | B14: 1.628728 | C14: 4.712829 | D14: 7.657595 | E14: 11.538472 | F14: 6.524036 | G14: 9.976027 | H14: 9.103296 | I14: 12.829453 | J14: 12.05384 | K14: 12.245954
A16: Total des dépenses | B16: 10725.553 | C16: 10894.936 | D16: 12384.967 | E16: 12578.902 | F16: 14176.942 | G16: 14463.943 | H16: 15374.066 | I16: 15709.821 | J16: 16631.076 | K16: 16960.99
A17: Prestations sociales | B17: 10677.153 | C17: 10843.628 | D17: 12337.603 | E17: 12527.619 | F17: 14126.66 | G17: 14412.51 | H17: 15324.452 | I17: 15654.623 | J17: 16578.989 | K17: 16907.635
A18: Frais d'administration et de gestion | B18: 48.399379 | C18: 51.307853 | D18: 47.363719 | E18: 51.283076 | F18: 50.28263 | G18: 51.43366 | H18: 49.613443 | I18: 55.197841 | J18: 52.087081 | K18: 53.354259
A19: Autres dépenses | B19: – | C19: – | D19: – | E19: – | F19: – | G19: – | H19: – | I19: – | J19: – | K19: –
A21: Résultat d'exploitation | B21: 169.90092 | C21: 745.5216 | D21: 562.69809 | E21: 890.3092 | F21: 81.673757 | G21: 282.03733 | H21: 426.9472 | I21: 803.27199 | J21: 931.41652 | K21: 1714.606
A22: Résultat des placements | B22: 333.81247 | C22: 366.41719 | D22: 399.17352 | E22: 427.25155 | F22: 438.55535 | G22: 454.94458 | H22: 450.51628 | I22: 470.67658 | J22: 467.29337 | K22: 550.15347 | L22: =L23 -> 0 | M22: =M23 -> 0 | N22: =N23 -> 0 | O22: =O23 -> 0 | P22: =P23 -> 0 | Q22: =Q23 -> 0 | R22: =R23 -> 0 | S22: =S23 -> 0 | ... AG22: =AG23 -> 0
A23: Produits courants du capital | B23: 332.9061 | C23: 365.97602 | D23: 394.90613 | E23: 422.91327 | F23: 437.14809 | G23: 454.52494 | H23: 453.39219 | I23: 465.39773 | J23: 467.85259 | K23: 532.62093
A24: Variations de valeur du capital | B24: 0.90637399 | C24: 0.44117144 | D24: 4.2673801 | E24: 4.338272 | F24: 1.4072568 | G24: 0.41964067 | H24: -2.8759076 | I24: 5.2788435 | J24: -0.55921887 | K24: 17.532542
A25: Résultat de répartition (solde sans résultat des placements) | B25: -163.91155 | C25: 379.10441 | D25: 163.52458 | E25: 463.05765 | F25: -356.88159 | G25: -172.90725 | H25: -23.569083 | I25: 332.59541 | J25: 464.12315 | K25: 1164.4525
A27: Variation du capital | B27: 169.90092 | C27: 745.5216 | D27: 562.69809 | E27: 890.3092 | F27: 81.673757 | G27: 282.03733 | H27: 426.9472 | I27: 803.27199 | J27: 931.41652 | K27: 1714.606
A29: Capital | B29: 9691.3923 | C29: 10436.991 | D29: 10999.624 | E29: 11889.934 | F29: 11971.607 | G29: 12253.645 | H29: 12680.592 | I29: 13483.864 | J29: 14415.28 | K29: 16129.886
A30: Contributions pouvoirs publics en % des dépenses | B30: 0.18000006 | C30: 0.17999977 | D30: 0.20000003 | E30: 0.2 | F30: 0.2 | G30: 0.2 | H30: 0.2 | I30: 0.2 | J30: 0.2 | K30: 0.2
A32: 1) Produits courants du capital (y compris les l'intérêts de l'AI) et les variations de valeur du capital.
A35: ='2010-2019'!A35 -> Office fédéral des assurances sociales, Statistique des assurances sociales suisses 2021, tableau AVS 4
A36: ='2010-2019'!A36 -> Renseignements par téléphone 058 465 03 39 ou par courriel à salome.schuepbach@bsv.admin.ch
A37: ='2010-2019'!A37 -> © OFS - Encyclopédie statistique de la Suisse

Sheet 1948-1979
A1: Assurance-vieillesse et survivants (AVS) : Finances de l’AVS | AG1: ='2000-2009'!K1 -> T 13.04.01.01
A2: Aux prix courants, en millions de francs
B5: 1948 | C5: 1949 | D5: 1950 | E5: 1951 | F5: 1952 | G5: 1953 | H5: 1954 | I5: 1955 | J5: 1956 | K5: 1957 | L5: 1958 | M5: 1959 | N5: 1960 | O5: 1961 | P5: 1962 | Q5: 1963 | R5: 1964 | S5: 1965 | T5: 1966 | U5: 1967 | V5: 1968 | W5: 1969 | X5: 1970 | Y5: 1971 | Z5: 1972 | AA5: 1973 | AB5: 1974 | AC5: 1975 | AD5: 1976 | AE5: 1977 | AF5: 1978 | AG5: 1979
A8: Total des recettes | B8: 580.66009 | C8: 612.09848 | D8: 637.41242 | E8: 699.13089 | F8: 744.11495 | G8: 793.17547 | H8: 798.6387 | I8: 853.09861 | J8: 913.8056 | K8: 964.63102 | L8: 975.21996 | M8: 1055.2707 | N8: 1119.108 | O8: 1243.5993 | P8: 1352.6907 | Q8: 1489.1204 | R8: 1792.6758 | S8: 1927.3355 | T8: 2031.0537 | U8: 2174.0292 | V8: 2277.8686 | W8: 3112.6494 | X8: 3433.9841 | Y8: 3948.6375 | Z8: 4424.2957 | AA8: 7138.6421 | AB8: 8064.6802 | AC8: 8443.3529 | AD8: 8780.833 | AE8: 9044.4014 | AF8: 9487.221 | AG8: 9910.1656
A9: Cotisations assurés/employeurs | B9: 417.79984 | C9: 436.27466 | D9: 458.45333 | E9: 501.02183 | F9: 527.55449 | G9: 569.99142 | H9: 564.2441 | I9: 600.3933 | J9: 644.69144 | K9: 682.78356 | L9: 681.94001 | M9: 744.32521 | N9: 798.22534 | O9: 906.50835 | P9: 1004.7822 | Q9: 1120.5705 | R9: 1235.0715 | S9: 1354.5368 | T9: 1445.8515 | U9: 1574.1515 | V9: 1669.872 | W9: 2271.7372 | X9: 2549.9652 | Y9: 2946.5728 | Z9: 3307.8552 | AA9: 5449.3563 | AB9: 6284.8776 | AC9: 6799.9949 | AD9: 7098.4978 | AE9: 7286.1552 | AF9: 7541.918 | AG9: 7965.6179
A10: Contributions pouvoirs publics | B10: 160 | C10: 160 | D10: 160 | E10: 160 | F10: 160 | G10: 160 | H10: 160 | I10: 160 | J10: 160 | K10: 160 | L10: 160 | M10: 160 | N10: 160 | O10: 160 | P10: 160 | Q10: 160 | R10: 350 | S10: 350 | T10: 350 | U10: 350 | V10: 350 | W10: 572 | X10: 591 | Y10: 685 | Z10: 776 | AA10: 1318 | AB10: 1360 | AC10: 1206.5 | AD10: 1258.8727 | AE10: 1350.8046 | AF10: 1587.3612 | AG10: 1616.523
A11: dont fédérales | B11: 106.66667 | C11: 106.66667 | D11: 106.66667 | E11: 106.66667 | F11: 106.66667 | G11: 106.66667 | H11: 106.66667 | I11: 106.66667 | J11: 106.66667 | K11: 106.66667 | L11: 106.66667 | M11: 106.66667 | N11: 106.66667 | O11: 106.66667 | P11: 106.66667 | Q11: 106.66667 | R11: 262.5 | S11: 262.5 | T11: 262.5 | U11: 262.5 | V11: 262.5 | W11: 429 | X11: 443.25 | Y11: 513.75 | Z11: 582 | AA11: 988.5 | AB11: 1020 | AC11: 780 | AD11: 819.27533 | AE11: 871.80457 | AF11: 1091.3108 | AG11: 1111.3595
A12: dont TVA et impôts sur jeux | B12: – | C12: – | D12: – | E12: – | F12: – | G12: – | H12: – | I12: – | J12: – | K12: – | L12: – | M12: – | N12: – | O12: – | P12: – | Q12: – | R12: – | S12: – | T12: – | U12: – | V12: – | W12: – | X12: – | Y12: – | Z12: – | AA12: – | AB12: – | AC12: – | AD12: – | AE12: – | AF12: – | AG12: –
A13: Produit du capital 1) | B13: 2.8602536 | C13: 15.823817 | D13: 18.95909 | E13: 38.109067 | F13: 56.560454 | G13: 63.184049 | H13: 74.394591 | I13: 92.705307 | J13: 109.11416 | K13: 121.84746 | L13: 133.27995 | M13: 150.94546 | N13: 160.88263 | O13: 177.09098 | P13: 187.90848 | Q13: 208.5499 | R13: 207.60428 | S13: 222.7987 | T13: 235.20225 | U13: 249.87765 | V13: 257.99666 | W13: 268.91229 | X13: 293.01888 | Y13: 317.06478 | Z13: 340.44049 | AA13: 371.28582 | AB13: 419.80267 | AC13: 436.85799 | AD13: 423.46243 | AE13: 407.44166 | AF13: 357.94182 | AG13: 328.02471
A14: Autres recettes | B14: – | C14: – | D14: – | E14: – | F14: – | G14: – | H14: – | I14: – | J14: – | K14: – | L14: – | M14: – | N14: – | O14: – | P14: – | Q14: – | R14: – | S14: – | T14: – | U14: – | V14: – | W14: – | X14: – | Y14: – | Z14: – | AA14: – | AB14: – | AC14: – | AD14: – | AE14: – | AF14: – | AG14: –
A16: Total des dépenses | B16: 126.82102 | C16: 147.20926 | D16: 170.28962 | E16: 220.61931 | F16: 249.87859 | G16: 267.59064 | H16: 356.43577 | I16: 383.21541 | J16: 492.77802 | K16: 627.27743 | L16: 665.14624 | M16: 700.38101 | N16: 733.38917 | O16: 861.16331 | P16: 998.29363 | Q16: 1043.4005 | R16: 1611.468 | S16: 1683.5299 | T16: 1742.0283 | U16: 1991.8593 | V16: 2067.0975 | W16: 2896.6465 | X16: 2999.8712 | Y16: 3403.6419 | Z16: 3805.8338 | AA16: 6480.331 | AB16: 7262.6867 | AC16: 8612.129 | AD16: 8991.9481 | AE16: 9686.7174 | AF16: 9921.0074 | AG16: 10103.269
A17: Prestations sociales | B17: 121.88411 | C17: 141.12961 | D17: 164.47574 | E17: 214.9153 | F17: 241.03705 | G17: 260.74973 | H17: 350.41604 | I17: 373.12885 | J17: 482.59228 | K17: 617.21171 | L17: 654.82314 | M17: 689.54854 | N17: 721.06468 | O17: 848.42555 | P17: 987.494 | Q17: 1031.3027 | R17: 1599.4494 | S17: 1670.6001 | T17: 1729.2498 | U17: 1978.5834 | V17: 2052.1729 | W17: 2878.3583 | X17: 2982.9788 | Y17: 3386.5056 | Z17: 3786.9158 | AA17: 6454.7716 | AB17: 7229.0881 | AC17: 8574.843 | AD17: 8951.7695 | AE17: 9642.7064 | AF17: 9878.4742 | AG17: 10058.838
A18: Frais d'administration et de gestion | B18: 4.9369117 | C18: 6.079645 | D18: 5.813875 | E18: 5.7040163 | F18: 8.8415356 | G18: 6.8409143 | H18: 6.0197369 | I18: 10.086565 | J18: 10.185731 | K18: 10.065722 | L18: 10.323102 | M18: 10.832477 | N18: 12.324494 | O18: 12.737768 | P18: 10.799622 | Q18: 12.097721 | R18: 12.018655 | S18: 12.929795 | T18: 12.778582 | U18: 13.275835 | V18: 14.924625 | W18: 18.288146 | X18: 16.892491 | Y18: 17.136283 | Z18: 18.917947 | AA18: 25.559381 | AB18: 33.598522 | AC18: 37.286065 | AD18: 40.178616 | AE18: 44.011014 | AF18: 42.533238 | AG18: 44.430416
A19: Autres dépenses | B19: – | C19: – | D19: – | E19: – | F19: – | G19: – | H19: – | I19: – | J19: – | K19: – | L19: – | M19: – | N19: – | O19: – | P19: – | Q19: – | R19: – | S19: – | T19: – | U19: – | V19: – | W19: – | X19: – | Y19: – | Z19: – | AA19: – | AB19: – | AC19: – | AD19: – | AE19: – | AF19: – | AG19: –
A21: Résultat d'exploitation | B21: 453.83907 | C21: 464.88922 | D21: 467.12281 | E21: 478.51158 | F21: 494.23636 | G21: 525.58483 | H21: 442.20292 | I21: 469.8832 | J21: 421.02758 | K21: 337.35359 | L21: 310.07371 | M21: 354.88965 | N21: 385.7188 | O21: 382.43601 | P21: 354.39708 | Q21: 445.71991 | R21: 181.20776 | S21: 243.80561 | T21: 289.02536 | U21: 182.16989 | V21: 210.77113 | W21: 216.00297 | X21: 434.11285 | Y21: 544.99565 | Z21: 618.46194 | AA21: 658.31111 | AB21: 801.99357 | AC21: -168.77614 | AD21: -211.11515 | AE21: -642.31598 | AF21: -433.78642 | AG21: -193.10297
A22: Résultat des placements | B22: 2.8602536 | C22: 15.823817 | D22: 18.95909 | E22: 38.109067 | F22: 56.560454 | G22: 63.184049 | H22: 74.394591 | I22: 92.705307 | J22: 109.11416 | K22: 121.84746 | L22: 133.27995 | M22: 150.94546 | N22: 160.88263 | O22: 177.09098 | P22: 187.90848 | Q22: 208.5499 | R22: 207.60428 | S22: 222.7987 | T22: 235.20225 | U22: 249.87765 | V22: 257.99666 | W22: 268.91229 | X22: 293.01888 | Y22: 317.06478 | Z22: 340.44049 | AA22: 371.28582 | AB22: 419.80267 | AC22: 436.85799 | AD22: 423.46243 | AE22: 407.44166 | AF22: 357.94182 | AG22: 328.02471
A23: Produits courants du capital | B23: 2.8143234 | C23: 17.594981 | D23: 30.176844 | E23: 44.368967 | F23: 57.444722 | G23: 69.054926 | H23: 78.167744 | I23: 92.277951 | J23: 108.23725 | K23: 121.67255 | L23: 112.15457 | M23: 147.82246 | N23: 159.63111 | O23: 173.7435 | P23: 184.28601 | Q23: 197.84776 | R23: 211.03007 | S23: 220.87198 | T23: 233.32887 | U23: 249.0515 | V23: 257.45086 | W23: 266.31833 | X23: 286.50508 | Y23: 313.75738 | Z23: 334.71818 | AA23: 365.37921 | AB23: 414.28999 | AC23: 436.37949 | AD23: 421.91488 | AE23: 408.34628 | AF23: 358.03069 | AG23: 327.85271
A24: Variations de valeur du capital | B24: 0.04593025 | C24: -1.7711636 | D24: -11.217754 | E24: -6.2599 | F24: -0.884268 | G24: -5.8708778 | H24: -3.7731525 | I24: 0.42735685 | J24: 0.876907 | K24: 0.174903 | L24: 21.125379 | M24: 3.123 | N24: 1.2515261 | O24: 3.3474818 | P24: 3.6224765 | Q24: 10.702144 | R24: -3.4257932 | S24: 1.9267209 | T24: 1.8733813 | U24: 0.82615296 | V24: 0.54580702 | W24: 2.5939642 | X24: 6.5138068 | Y24: 3.3074001 | Z24: 5.7223097 | AA24: 5.9066108 | AB24: 5.5126845 | AC24: 0.47850044 | AD24: 1.5475507 | AE24: -0.90462343 | AF24: -0.088862475 | AG24: 0.17199932
A25: Résultat de répartition (solde sans résultat des placements) | B25: 450.97882 | C25: 449.06541 | D25: 448.16372 | E25: 440.40251 | F25: 437.67591 | G25: 462.40078 | H25: 367.80833 | I25: 377.17789 | J25: 311.91342 | K25: 215.50613 | L25: 176.79377 | M25: 203.94419 | N25: 224.83617 | O25: 205.34503 | P25: 166.4886 | Q25: 237.17001 | R25: -26.396523 | S25: 21.006904 | T25: 53.823114 | U25: -67.707767 | V25: -47.22553 | W25: -52.909326 | X25: 141.09396 | Y25: 227.93087 | Z25: 278.02145 | AA25: 287.02529 | AB25: 382.1909 | AC25: -605.63413 | AD25: -634.57758 | AE25: -1049.7576 | AF25: -791.72825 | AG25: -521.12768
A27: Variation du capital | B27: 453.83907 | C27: 464.88922 | D27: 467.12281 | E27: 478.51158 | F27: 494.23636 | G27: 525.58483 | H27: 442.20292 | I27: 469.8832 | J27: 421.02758 | K27: 337.35359 | L27: 310.07371 | M27: 354.88965 | N27: 385.7188 | O27: 382.43601 | P27: 354.39708 | Q27: 445.71991 | R27: 181.20776 | S27: 243.80561 | T27: 289.02536 | U27: 182.16988 | V27: 210.77113 | W27: 216.00297 | X27: 434.11285 | Y27: 544.99565 | Z27: 618.46194 | AA27: 658.31112 | AB27: 801.99357 | AC27: -168.77614 | AD27: -211.11515 | AE27: -642.31598 | AF27: -433.78642 | AG27: -193.10297
A29: Capital | B29: 454.94409 | C29: 923.79623 | D29: 1400.063 | E29: 1878.5429 | F29: 2364.2106 | G29: 2895.8106 | H29: 3336.018 | I29: 3800.7411 | J29: 4221.1171 | K29: 4560.3295 | L29: 4848.5542 | M29: 5221.2663 | N29: 5607.1795 | O29: 5989.6155 | P29: 6344.0126 | Q29: 6789.7325 | R29: 6970.9412 | S29: 7214.7835 | T29: 7503.7254 | U29: 7685.9421 | V29: 7896.7132 | W29: 8112.7162 | X29: 8546.829 | Y29: 9091.8247 | Z29: 9710.2866 | AA29: 10368.598 | AB29: 11170.591 | AC29: 11001.711 | AD29: 10790.709 | AE29: 10148.384 | AF29: 9714.5976 | AG29: 9521.4646
A30: Contributions pouvoirs publics en % des dépenses | B30: 1.2616205 | C30: 1.0868882 | D30: 0.93957578 | E30: 0.72523116 | F30: 0.64031097 | G30: 0.59792824 | H30: 0.44888873 | I30: 0.41751974 | J30: 0.32468981 | K30: 0.25507055 | L30: 0.2405486 | M30: 0.22844708 | N30: 0.21816521 | O30: 0.18579519 | P30: 0.16027349 | Q30: 0.15334477 | R30: 0.21719326 | S30: 0.20789652 | T30: 0.20091521 | U30: 0.17571523 | V30: 0.16931954 | W30: 0.19746973 | X30: 0.19700846 | Y30: 0.20125501 | Z30: 0.2038975 | AA30: 0.20338467 | AB30: 0.18725853 | AC30: 0.14009312 | AD30: 0.14 | AE30: 0.13944916 | AF30: 0.16 | AG30: 0.16
A32: 1) Produits courants du capital (y compris les l'intérêts de l'AI) et les variations de valeur du capital.
A35: ='2010-2019'!A35 -> Office fédéral des assurances sociales, Statistique des assurances sociales suisses 2021, tableau AVS 4
A36: ='2010-2019'!A36 -> Renseignements par téléphone 058 465 03 39 ou par courriel à salome.schuepbach@bsv.admin.ch
A37: ='2010-2019'!A37 -> © OFS - Encyclopédie statistique de la Suisse
